 Dungeon Crawl Stone Soup version 0.31-a0-851-g7ff8af7976 (webtiles) character file.

Game seed: 16838865217170520786

44289 avis the Unseen (level 13, 0/61 HPs)
             Began as a Felid Shapeshifter on Oct 7, 2023.
             Was an Initiate of Gozag.
             Slain by a five-headed hydra (10 damage)
             ... on level 4 of the Lair of Beasts.
             The game lasted 02:39:51 (18786 turns).

avis the Unseen (Felid Shapeshifter)               Turns: 18786, Time: 02:39:52

Health: 0/61       AC:  7    Str: 12    XL:     13   Next: 95%
Magic:  14/14      EV: 35    Int: 10    God:    Gozag
Gold:   3005       SH:  5    Dex: 25    Spells: 10/12 levels left
                                        Lives:  0   Deaths: 4

rFire   + +          .
                       - Unarmed
rCold   + . .        (shield unavailable)
rNeg    . . .        (body armour unavailable)
rPois   +            (helmet unavailable)
rElec   .            (cloak unavailable)
rCorr   .            (gloves unavailable)
SInv    +            (boots unavailable)
Will    +....        s - amulet "Gextinim" {Reflect Int+3 SH+5}
Stlth   +++++++      f - ring of Tiurphaf {rPois rF++ Int-4 Dex+6}
HPRegen 0.30/turn    t - +4 ring of protection
MPRegen 0.14/turn

%: reflection
@: blade hands, studying 2 skills, quick
A: very small, (claws 1), fangs 3, see invisible, speed 1, shaggy fur 3,
(stealthy paws), no weapons or thrown items, no armour, multi-lived
a: Begin Untransformation, Renounce Religion, Potion Petition, Call Merchant,
Bribe Branch


You were on level 4 of the Lair of Beasts.
You worshipped Gozag.
Gozag was most pleased with you.
You had blades for front paws.
You visited 4 branches of the dungeon, and saw 18 of its levels.
You also visited: Ossuary.

You collected 4604 gold pieces.
You spent 955 gold pieces at shops.
You paid 644 gold pieces to Gozag.

Inventory:

Jewellery
 f - the ring of Tiurphaf (left blade hand) {rPois rF++ Int-4 Dex+6}
   (You acquired it on level 1 of the Lair of Beasts)

   [ring of dexterity]

   Int-4:     It affects your intelligence (-4).
   Dex+6:     It affects your dexterity (+6).
   rF++:      It greatly protects you from fire.
   rPois:     It protects you from poison
 h - a ring of fire
 r - a +5 ring of evasion
 s - the amulet "Gextinim" (around neck) {Reflect Int+3 SH+5}
   (You bought it in a shop on level 1 of the Lair of Beasts)

   [amulet of reflection]

   Reflect:   It reflects blocked missile attacks.
   Int+3:     It affects your intelligence (+3).
   SH+5:      It affects your SH (+5).
 t - a +4 ring of protection (right blade hand)
 y - a ring of flight
Talismans
 a - a blade talisman (active)
 l - a blade talisman (active)
 S - a storm talisman
Wands
 i - a wand of flame (6)
Scrolls
 b - 2 scrolls of torment {unknown}
 c - 7 scrolls of noise {unknown}
 d - a scroll of blinking {unknown}
 g - 4 scrolls of enchant weapon {unknown}
 j - 9 scrolls of vulnerability {unknown}
 k - a scroll of revelation {unknown}
 m - a scroll of poison {unknown}
 n - 3 scrolls of fog {unknown}
 p - a scroll of silence
 q - 9 scrolls of teleportation {unknown}
 z - 4 scrolls of amnesia {unknown}
 B - a scroll of immolation
 E - 5 scrolls of fear {unknown}
Potions
 e - 4 potions of brilliance
 o - 5 potions of might
 w - 3 potions of cancellation
 x - 2 potions of magic
 A - 6 potions of curing
 D - 2 potions of enlightenment
 F - a potion of resistance


   Skills:
 - Level 10.0 Fighting
 * Level 16.4 Dodging
 - Level 17.0 Stealth
 - Level 10.0 Unarmed Combat
 - Level 14.0 Shapeshifting


You had 10 spell levels left.
You knew the following spells:

 Your Spells              Type           Power      Damage    Failure   Level
a - Passwall              Tmut/Erth      0%         N/A       50%         2

Your spell library contained the following spells:

 Spells                   Type           Power      Damage    Failure   Level
 Apportation              Tloc           0%         N/A       36%         1
 Necrotise                Necr           0%         1d4       36%         1
 Sandblast                Erth           0%         2d4       36%         1
 Summon Small Mammal      Summ           0%         N/A       36%         1
 Ensorcelled Hibernation  Hex/Ice        0%         N/A       50%         2
 Stone Arrow              Conj/Erth      0%         3d7       75%         3
 Swiftness                Air            0%         N/A       75%         3
 Anguish                  Hex/Necr       0%         N/A       98%         4
 Brom's Barrelling Bould  Conj/Erth      0%         2d3       98%         4
 Cause Fear               Hex            0%         N/A       98%         4
 Enfeeble                 Hex            0%         N/A       100%        7


Dungeon Overview and Level Annotations

Branches:
Dungeon (10/15)            Temple (1/1) D:7            Lair (5/5) D:9
 Shoals (0/4) Lair:3        Snake (0/4) Lair:2        Slime (0/5) Lair:4
    Orc (2/2) D:9             Elf (0/3) Orc:2       Ossuary (visited)

Altars:
Ashenzari
Cheibriados
Dithmenos
Elyvilon
Fedhas
Gozag
Hepliaklqana
Kikubaaqudgha
Makhleb
Nemelex Xobeh
Okawaru
Qazlal
Ru
Sif Muna
Trog
Uskayaw
Vehumet
Wu Jian
Xom
Yredelemnul
Zin
The Shining One
Jiyva

Shops:
D:4 :   D:7 ?   Orc:2 *[(   Lair:1 =

Annotations:
D:3 3 runed translucent doors, 0gre's ghost, amateur OpIE; Eustachio; Terence
Lair:5 exclusion: oklob plant


Innate Abilities, Weirdness & Mutations

You have blades for front paws.
((You have sharp claws.))
You have razor-sharp teeth.
You have supernaturally acute eyesight. (SInv)
You cover ground quickly. (Speed+)
Your thick and shaggy fur keeps you warm. (AC +3, rC+)
((Your paws help you pounce on unaware monsters.))
You are incapable of wielding weapons or throwing items.
You cannot wear armour.
You gain extra lives every three experience levels.


Message History

The five-headed hydra misses you.
You slash the five-headed hydra! You bite the five-headed hydra.
The five-headed hydra is heavily wounded.
The five-headed hydra bites you. x2
The five-headed hydra completely misses you. x2
The five-headed hydra bites you but does no damage.
You barely miss the five-headed hydra.
The five-headed hydra is moderately wounded.
The five-headed hydra misses you.
The five-headed hydra bites you but does no damage.
The five-headed hydra completely misses you.
The five-headed hydra closely misses you.
The five-headed hydra bites you!
You hit the five-headed hydra.
The five-headed hydra is heavily wounded.
The five-headed hydra completely misses you.
You block the five-headed hydra's attack.
The five-headed hydra completely misses you.
The five-headed hydra barely misses you.
The five-headed hydra bites you but does no damage.
You slice the five-headed hydra!!
The five-headed hydra is severely wounded.
The five-headed hydra completely misses you. x2
The five-headed hydra closely misses you.
The five-headed hydra completely misses you.
The five-headed hydra misses you.
You hit the five-headed hydra.
The five-headed hydra is severely wounded.
You slash the five-headed hydra! You slash the five-headed hydra.
The five-headed hydra is almost dead.
The five-headed hydra completely misses you. x2
The five-headed hydra bites you! The five-headed hydra bites you.
The five-headed hydra bites you!
* * * LOW HITPOINT WARNING * * *
The five-headed hydra attacks as it pursues you!
The five-headed hydra completely misses you.
You block the five-headed hydra's attack.
The five-headed hydra bites you!
You die...
Your body crumbles into a pile of gold.

### ######## ### #.# #.##.P.###.#
### ### ..# #.........## #.# ##..
.P# ##........# ##.### #.#. ..#
#........# #....# ###. .##
##.......P## ##.### #.. .###
##.......>.P######.# #####.
.#.####.(......D@##..#...###.##..
.........P.......................
......##.P............#####..####
.....##.#.P............# ##.#
^.....####............## #..#
.....## #.......)...## ##.#
.....## #...........# #.##
.....P# ##..>........# ###..#
.....## #............# #...##


You could see a five-headed hydra.

Vanquished Creatures
  Kirke (Lair:5)
  An orc warlord (Orc:2)
  A hydra (Lair:2)
  A catoblepas (Lair:5)
  3 two-headed ogres
  5 orc high priests
  Sonja (Lair:2)
  2 skysharks
  A goliath frog (Lair:5)
  A lindwurm (Lair:4)
  A manticore (Lair:3)
  4 orc sorcerers
  4 elephants
  4 black mambas
  16 cane toads
  A torpor snail (Lair:3)
  7 komodo dragons
  A rime drake (Lair:3)
  4 trolls
  A wind drake (Lair:3)
  A tyrant leech (Lair:5)
  Grinder (D:4)
  14 blink frogs
  5 wyverns
  A wraith (D:10)
  3 hogs (Lair:3)
  31 yaks
  7 basilisks
  3 vampire mosquitoes
  A death yak simulacrum (Lair:1)
  3 steam dragons
  4 nagas
  5 wargs
  An acid dragon (D:8)
  10 water moccasins
  36 orc warriors
  An ice beast (D:5)
  A black bear (Lair:1)
  3 ogres
  6 wolves (Lair:1)
  2 phantoms
  2 centaurs
  A kobold brigand (D:9)
  Blork the orc (D:5)
  11 bullfrogs
  4 scorpions
  4 water moccasin zombies (Ossuary)
  8 wights
  A wyvern skeleton (D:6)
  An elephant simulacrum (Lair:1)
  5 howler monkeys
  An electric eel (Lair:5)
  3 bullfrog zombies (D:6)
  A bullfrog skeleton (D:6)
  2 gnoll boudas
  16 orc priests
  3 hounds
  29 orc wizards
  Natasha (thrice) (D:2)
  An iguana (D:5)
  5 hell rats (Lair:1)
  A wolf simulacrum (Lair:1)
  A killer bee zombie (D:6)
  2 mummies (Ossuary)
  18 gnolls
  6 adders
  A shadow imp (D:6)
  A white imp (D:7)
  2 ufetubi
  8 adder zombies (Ossuary)
  5 worms
  3 dart slugs
  101 orcs
  8 ball pythons
  3 bats (D:1)
  2 endoplasms
  3 giant cockroaches
  8 gnoll zombies (Ossuary)
  8 goblins
  15 hobgoblins
  6 jackals
  9 kobolds
  3 quokkas
  3 frilled lizards (D:2)
  3 hobgoblin zombies (Ossuary)
  3 kobold zombies (Ossuary)
  2 orc zombies (Ossuary)
  2 rats (D:2)
528 creatures vanquished.

Vanquished Creatures (collateral kills)
  An orc warrior (Orc:2)
1 creature vanquished.

Vanquished Creatures (others)
  A bullfrog (D:7)
  An orc priest (Orc:1)
  An orc (Orc:2)
3 creatures vanquished.

Grand Total: 532 creatures vanquished

Notes
Turn   | Place    | Note
-------+----------+-------------------------------------------
     0 | D:1      | avis the Felid Shapeshifter began the quest for the Orb.
     0 | D:1      | Reached XP level 1. HP: 9/9 MP: 2/2
   218 | D:1      | Reached XP level 2. HP: 12/12 MP: 3/3
   694 | D:1      | Reached XP level 3. HP: 16/16 MP: 4/4
  1215 | D:2      | Reached skill level 5 in Dodging
  1215 | D:2      | Reached XP level 4. HP: 16/19 MP: 5/5
  1769 | D:3      | Noticed Natasha
  1783 | D:2      | HP: 1/28 [Natasha (3)]
  1789 | D:2      | Killed Natasha
  1934 | D:2      | Noticed Natasha
  1945 | D:2      | Killed Natasha
  2120 | D:2      | Noticed Natasha
  2135 | D:2      | Killed Natasha
  2136 | D:2      | Reached XP level 5. HP: 15/23 MP: 6/6
  2351 | D:3      | Identified the +2 robe of the Game of Kings {rPois rC+
                  | Dex+4}
  2436 | D:3      | Noticed Terence
  2618 | D:3      | Identified the +8 whip "Voafafan" {venom, rC+++ Str-4 Int-5
                  | SInv}
  2621 | D:3      | Noticed 0gre's ghost (amateur OpIE)
  2623 | D:3      | Found a runed translucent gate.
  2624 | D:3      | Found a runed translucent gate.
  2625 | D:3      | Found a runed translucent gate.
  3232 | D:4      | Reached skill level 1 in Stealth
  3252 | D:4      | Found a shadowy altar of Dithmenos.
  3325 | D:4      | Noticed Eustachio
  3359 | D:4      | Gained mutation: You are covered in thick fur. (AC +2)
                  | [Felid growth]
  3359 | D:4      | Reached XP level 6. HP: 26/28 MP: 7/7
  3743 | D:4      | Noticed Grinder
  3754 | D:4      | Killed Grinder
  3759 | D:4      | Found a snail-covered altar of Cheibriados.
  3759 | D:4      | Found a sacrificial altar of Ru.
  3792 | D:4      | Found a bloodstained altar of Trog.
  3850 | D:4      | Reached XP level 7. HP: 31/31 MP: 8/8
  3878 | D:4      | Found Wogakh's Vocational Training.
  4067 | D:5      | Entered Level 5 of the Dungeon
  4178 | D:5      | Found a sand-covered staircase.
  4187 | Ossuary  | Entered an ossuary
  4253 | Ossuary  | Reached skill level 5 in Shapeshifting
  4457 | D:5      | Noticed Blork the orc
  4477 | D:5      | Killed Blork the orc
  4562 | D:5      | Noticed a steam dragon
  4568 | D:5      | Killed a steam dragon
  4569 | D:5      | Reached XP level 8. HP: 28/34 MP: 9/9
  4634 | D:5      | Found an ancient bone altar of Kikubaaqudgha.
  4677 | D:5      | Slain by a gnoll
  4787 | D:5      | Reached skill level 2 in Stealth
  5209 | D:5      | Reached skill level 5 in Fighting
  5330 | D:6      | Reached skill level 3 in Stealth
  5627 | D:6      | Reached XP level 9. HP: 40/40 MP: 10/10
  5883 | D:6      | Found a basalt altar of Yredelemnul.
  6389 | D:7      | Found a staircase to the Ecumenical Temple.
  6400 | D:7      | Reached skill level 10 in Shapeshifting
  6410 | D:7      | Found Wetotzir's Magic Scroll Boutique.
  6489 | D:7      | Reached skill level 4 in Stealth
  6498 | Temple   | Entered the Ecumenical Temple
  6504 | Temple   | Became a worshipper of Gozag Ym Sagoz the Greedy
  6544 | D:7      | Found a burning altar of Makhleb.
  6583 | D:7      | Bought a scroll of identify for 28 gold pieces
  6583 | D:7      | Bought a scroll of identify for 28 gold pieces
  6583 | D:7      | Bought a scroll of identify for 28 gold pieces
  6583 | D:7      | Bought a scroll of identify for 28 gold pieces
  6583 | D:7      | Bought a scroll of identify for 28 gold pieces
  6583 | D:7      | Bought a scroll of immolation for 56 gold pieces
  6583 | D:7      | Bought a scroll of immolation for 56 gold pieces
  6754 | D:7      | Found a white marble altar of Elyvilon.
  6754 | D:7      | Found a glowing silver altar of Zin.
  6755 | D:7      | Found a glowing golden altar of the Shining One.
  7072 | D:8      | Reached skill level 5 in Stealth
  7194 | D:8      | Reached skill level 10 in Dodging
  7260 | D:8      | Identified a scroll of acquirement
  7261 | D:8      | Acquired a manual of Stealth
  7316 | D:8      | Reached skill level 6 in Stealth
  7366 | D:8      | Noticed a two-headed ogre
  7376 | D:8      | Killed a two-headed ogre
  7377 | D:8      | Reached skill level 7 in Stealth
  7377 | D:8      | Reached XP level 10. HP: 27/45 MP: 11/11
  7419 | D:8      | Learned a level 2 spell: Passwall
  7577 | D:8      | Found an ornate altar of the Wu Jian Council.
  7718 | D:8      | HP: 2/45 [acid dragon/splash of acid (18)]
  8109 | D:9      | Noticed an elephant
  8110 | D:9      | Found a staircase to the Lair.
  8239 | D:8      | Reached skill level 8 in Stealth
  8338 | D:8      | Acquired a manual of Necromancy
  8354 | D:8      | Killed an elephant
  8355 | D:8      | Reached skill level 9 in Stealth
  8496 | D:9      | Found a broken altar of Ashenzari.
  8535 | D:9      | Reached skill level 10 in Stealth
  8669 | D:9      | Found a staircase to the Orcish Mines.
  8727 | D:9      | Noticed a two-headed ogre
  8746 | D:9      | Killed a two-headed ogre
  9078 | D:10     | Entered Level 10 of the Dungeon
  9133 | D:10     | Reached XP level 11. HP: 14/49 MP: 12/12
  9704 | Lair:1   | Entered Level 1 of the Lair of Beasts
  9765 | D:9      | Reached skill level 11 in Stealth
 10081 | Lair:1   | Reached skill level 12 in Stealth
 10115 | Lair:1   | Reached skill level 5 in Unarmed Combat
 10208 | Lair:1   | Found a frozen archway.
 10242 | Lair:1   | Slain by a death yak simulacrum
 10782 | Lair:2   | Found a staircase to the Snake Pit.
 11449 | Lair:2   | Noticed a six-headed hydra
 11456 | Lair:2   | Killed a six-headed hydra
 11466 | Lair:2   | Gained mutation: Your thick and shaggy fur keeps you warm.
                  | (AC +3, rC+) [Felid growth]
 11466 | Lair:2   | Reached XP level 12. HP: 55/55 MP: 13/13
 11629 | Lair:2   | Noticed Sonja
 11640 | Lair:2   | Killed Sonja
 12144 | Lair:1   | Acquired the ring of Tiurphaf {rPois rF++ Int-4 Dex+6}
 12490 | Lair:3   | Reached skill level 13 in Stealth
 12556 | Lair:3   | Noticed Kirke
 12604 | Lair:3   | Reached skill level 15 in Dodging
 12729 | Lair:3   | Found a staircase to the Shoals.
 12839 | Lair:3   | Reached skill level 14 in Stealth
 12976 | Lair:1   | Bought the amulet "Gextinim" {Reflect Int+3 SH+5} for 519
                  | gold pieces
 13304 | Lair:4   | Found a staircase to the Slime Pits.
 13312 | Lair:4   | Found a viscous altar of Jiyva.
 13425 | Lair:4   | Reached skill level 15 in Stealth
 14410 | Orc:1    | Entered Level 1 of the Orcish Mines
 14410 | Orc:1    | Noticed an orc high priest
 14639 | D:9      | Killed an orc high priest
 14789 | Orc:1    | Noticed Harold
 14881 | Orc:1    | Harold changed into Harold the two-headed ogre
 14881 | Orc:1    | Noticed Harold
 14892 | D:9      | Killed Harold the two-headed ogre
 14893 | D:9      | Reached XP level 13. HP: 58/58 MP: 14/14
 15044 | Orc:2    | Entered Level 2 of the Orcish Mines
 15165 | Orc:2    | Found a staircase to the Elven Halls.
 17005 | Orc:2    | Found Fiuzuism's Assorted Antiques.
 17310 | Orc:2    | Noticed an orc warlord
 17317 | Orc:2    | Reached skill level 16 in Stealth
 17457 | Orc:2    | HP: 2/90 [orc warlord/+1 dire flail of protection (15)]
 17470 | Orc:2    | HP: 4/90 [orc warlord/+1 dire flail of protection (10)]
 17473 | Orc:2    | HP: 1/90 [orc warlord/+1 dire flail of protection (9)]
 17475 | Orc:2    | Demolished by an orc warlord
 17508 | Orc:2    | Killed an orc warlord
 17575 | Orc:2    | Found Siloacwump's Antique Weapon Emporium.
 17581 | Orc:2    | Found Iska Uta's Antique Armour Shoppe.
 17733 | Orc:2    | Found Ynaifown's Weapon Shop.
 17840 | Orc:2    | Bought a scroll labelled CAKYUXZ FACO for 23 gold pieces
 17840 | Orc:2    | Bought a scroll labelled CAKYUXZ FACO for 23 gold pieces
 17840 | Orc:2    | Bought a scroll labelled ESMADOOJEU for 23 gold pieces
 17840 | Orc:2    | Bought a scroll labelled GUNOGY VORUT for 23 gold pieces
 17840 | Orc:2    | Bought a scroll labelled GYLAAG EMMEIZ for 23 gold pieces
 17840 | Orc:2    | Bought a scroll labelled RAOGIU WUKAPI for 23 gold pieces
 17840 | Orc:2    | Bought a scroll labelled XUCUEX BALURCH for 23 gold pieces
 17840 | Orc:2    | Bought a scroll labelled XUCUEX BALURCH for 23 gold pieces
 18081 | Lair:5   | Entered Level 5 of the Lair of Beasts
 18090 | Lair:5   | Noticed a sphinx
 18092 | Lair:5   | Killed Kirke
 18185 | Lair:5   | Reached skill level 10 in Fighting
 18185 | Lair:5   | Reached skill level 10 in Unarmed Combat
 18456 | Lair:5   | Slain by a cane toad
 18487 | Lair:5   | Reached skill level 17 in Stealth
 18786 | Lair:4   | Slain by a five-headed hydra

Illustrated notes

Levels and vault maps discovered:
D:1:      minmay_arrival_four_houses, layout_rooms, st_stairs_9
D:2:      layout_loops_ring, serial_forest, infiniplex_forest_straight_3,
          infiniplex_forest_clump_long, infiniplex_forest_clump_curved,
          infiniplex_forest_lined_2, infiniplex_forest_corner_1,
          minmay_pentomino_z2
D:3:      layout_basic, biasface_ghost_orc_armoury, uniq_natasha, uniq_terence
D:4:      layout_basic, trog_hazing_becter, grunt_dithmenos_smoke,
          nicolae_overflow_hidden_temple, nicolae_shop_vocational,
          uniq_eustachio, uniq_grinder
D:5:      layout_loops_ring, old_standard_altar, nicolae_ossuary_entry_monument,
          uniq_blork_the_orc
D:6:      layout_cave_pods, mainiacjoe_overflow_small_starburst, serial_undead,
          serial_undead_e, serial_undead_d, serial_undead_a, serial_undead_d
D:7:      layout_rooms, good_gods_mini_temple, makhleb_heckhound_becter,
          temple_pool_b, serial_shops, shop
D:8:      layout_gridville, pdpol_wu_jian_five_deadly_venoms, serial_glass,
          glass_columns_a, glass_columns_a, due_unseen_surprise,
          item_on_display_b, item_on_display_a,
          eino_small_chamber_without_monster
D:9:      layout_roguey, mainiacjoe_overflow_paths, david_lair_generic
D:10:     layout_basic
Temple:   eino_wide_crystal_templ
Lair:1:   layout_loops_ring, portal_ice_cave_entry_ice_simulacra
Lair:2:   layout_cave_pods, minmay_snake_entry_guardpost_small,
          infiniplex_staircase_pool, uniq_sonja
Lair:3:   layout_big_grid, minmay_shoals_entry_beasts, serial_bayou_shore_b,
          infiniplex_staircase_pool_2, uniq_kirke
Lair:4:   layout_small_grid, slime_entry_1
Lair:5:   minmay_lair_end_frog_pond, layout_hall_layers, serial_bayou,
          serial_bayou_lagoon_b, serial_bayou_pond_b, serial_bayou_ford_a,
          serial_bayou_pond_b, serial_bayou_pond_d, nicolae_lair_yak_garden,
          uniq_snorg
Orc:1:    layout_caves, basic_altar, nicolae_orc_lost_temple, uniq_harold
Orc:2:    grunt_orc_community_town_hall, layout_diamond_mine,
          grunt_orc_community_big_house_2, grunt_orc_community_big_house_2,
          grunt_orc_community_house_3, grunt_orc_community_house_2,
          grunt_orc_community_house_1, grunt_orc_community_house_2,
          grunt_orc_community_house_1, grunt_orc_community_house_3,
          abandoned_shop

Skill      XL: |  1  2  3  4  5  6  7  8  9 10 11 12 13 |
---------------+----------------------------------------+-----
Dodging        | 3 5 6 7 9 11 12 13 15 16 | 16.4
Fighting       | 2 3 5 6 8 10 | 10.0
Stealth        | 1 3 7 10 12 15 17 | 17.0
Shapeshifting  | 6 8 10 12 14 | 14.0
Unarmed Combat | 8 10 | 10.0

Action                     |  1- 3 |  4- 6 |  7- 9 | 10-12 | 13-15 || total
---------------------------+-------+-------+-------+-------+-------++-------
  Melee: Unarmed           |    88 |   209 |   491 |   667 |   492 ||  1947
         Bite              |    12 |    22 |    70 |   115 |    71 ||   290
         Punch             |       |    11 |     8 |    30 |    23 ||    72
   Cast: Passwall          |       |       |       |     6 |       ||     6
 Invoke: Call Merchant     |       |       |       |     1 |       ||     1
  Evoke: Wand              |       |       |     5 |    20 |    11 ||    36
    Use: Potion            |       |     2 |       |     5 |     5 ||    12
         Scroll            |       |       |    12 |     8 |       ||    20
   Stab: Sleeping          |       |     2 |     3 |    16 |    11 ||    32
         Distracted        |       |       |       |     5 |     9 ||    14
 Armour: Skin              |    21 |    60 |    87 |   142 |   121 ||   431
  Dodge: Dodged            |    56 |   190 |   435 |   654 |   517 ||  1852
  Block: Other             |       |       |       |    22 |   134 ||   156
         Reflection        |       |       |       |     1 |     5 ||     6
   Form: Flux              |       |       |     1 |       |       ||     1
         Blade             |       |       |     1 |       |       ||     1

Table legend: (Time is in decaauts)
 A = Elapsed time spent in this place.
 B = Non-inter-level travel time spent in this place.
 C = Inter-level travel time spent in this place.
 D = Time resting spent in this place.
 E = Time spent auto-exploring this place.
 F = Levels seen in this place.
 G = Mean time per level.
                   A        B        C        D        E       F      G
               +--------+--------+--------+--------+--------+-----+--------+
         Total |  16126 |  14366 |   1760 |   2331 |   4911 |  19 |  848.7 |
       Dungeon |   8586 |   7757 |    829 |   1180 |   3506 |  10 |  858.6 |
        Temple |     22 |     22 |      0 |      0 |      0 |   1 |   22.0 |
          Lair |   4635 |   3831 |    804 |    600 |   1215 |   5 |  927.0 |
  Orcish Mines |   2669 |   2543 |    126 |    550 |    188 |   2 | 1334.5 |
       Ossuary |    211 |    211 |      0 |      0 |      0 |   1 |  211.0 |
               +--------+--------+--------+--------+--------+-----+--------+

Top non-repeatable levels by time:
   Orc:2: 2081 daAuts
     D:9: 1287 daAuts
  Lair:1: 1210 daAuts
     D:2: 1191 daAuts
     D:8: 1133 daAuts
  Lair:4: 1115 daAuts
  Lair:3: 1038 daAuts
  Lair:2: 961 daAuts
     D:3: 912 daAuts
     D:6: 793 daAuts
     D:5: 770 daAuts
     D:4: 706 daAuts
     D:1: 698 daAuts
     D:7: 590 daAuts
   Orc:1: 588 daAuts
